 Dungeon Crawl Stone Soup version 0.22-a0-571-g4a923d4 (webtiles) character file.

3197 kae the Frost Mage (level 9, -5/57 HPs)
             Began as a Merfolk Ice Elementalist on July 1, 2018.
             Was a Priest of Okawaru.
             Slain by a killer bee (8 damage)
             ... on level 8 of the Dungeon.
             The game lasted 00:08:24 (9173 turns).

kae the Frost Mage (Merfolk Ice Elementalist)       Turns: 9173, Time: 00:08:25

Health: -5/57      AC:  7    Str: 11    XL:     9   Next: 96%
Magic:  14/18      EV: 13    Int: 14    God:    Okawaru [***...]
Gold:   395        SH:  6    Dex: 15    Spells: 10/20 levels left

rFire    x . .     SeeInvis .   y - +1 spear (elec)
rCold    + . .     Gourm    .   g - +1 buckler
rNeg     . . .     Faith    .   a - +0 robe
rPois    .         Spirit   .   (no helmet)
rElec    .         Reflect  .   A - +0 cloak
rCorr    .         Harm     .   (no gloves)
MR       .....                  (no boots)
Stlth    ++........             (no amulet)
HPRegen  0.19/turn              b - +4 ring of protection
MPRegen  0.16/turn              t - ring of ice

@: lethally poisoned (-5 -> -7)
A: change form in water, swift swim, stealthy swim
a: Heroism, Renounce Religion


You were on level 8 of the Dungeon.
You worshipped Okawaru.
Okawaru was most pleased with you.
You were near starving.

You visited 1 branch of the dungeon, and saw 8 of its levels.

You collected 491 gold pieces.
You spent 96 gold pieces at shops.

Inventory:

Hand Weapons
 j - a +0 halberd
 y - a +1 spear of electrocution (weapon)
Armour
 a - a +0 robe (worn)
 g - a +1 buckler (worn)
 A - a +0 cloak (worn)
Jewellery
 b - a +4 ring of protection (left hand)
 q - an uncursed ring of resist corrosion
 t - a ring of ice (right hand)
 v - a +2 ring of strength
 w - an uncursed amulet of regeneration
Wands
 u - a wand of clouds (9)
 B - a wand of paralysis (12)
 F - a wand of acid (8)
Scrolls
 e - 2 scrolls of immolation
 f - 5 scrolls of remove curse
 h - 2 scrolls of fog
 i - 2 scrolls of identify
 n - 2 scrolls of teleportation
 o - 2 scrolls of enchant weapon
 p - 3 scrolls of enchant armour
 s - 2 scrolls of amnesia
 E - a scroll of brand weapon
Potions
 d - 3 potions of heal wounds
 k - 2 potions of haste
 m - 3 potions of curing
 x - a potion of brilliance
 z - a potion of might
 C - a potion of cancellation
 D - a potion of invisibility
Comestibles
 c - 16 rations


   Skills:
 + Level 6.0 Polearms
 - Level 2.6 Dodging
 - Level 2.1 Stealth
 - Level 4.0 Shields
 + Level 6.0 Spellcasting
 - Level 0.7 Conjurations
 * Level 10.3 Ice Magic
 + Level 5.7 Invocations


You had 10 spell levels left.
You knew the following spells:

 Your Spells              Type           Power        Failure   Level  Hunger
a - Freeze                Ice            ####         1%          1    None
b - Throw Frost           Conj/Ice       ####..       2%          2    #......
c - Ozocubu's Armour      Chrm/Ice       ####....     5%          3    ###....
d - Throw Icicle          Conj/Ice       ####....     16%         4    ####...

Your spell library contained the following spells:

 Spells                   Type           Power        Failure   Level  Hunger
 Summon Ice Beast         Ice/Summ       ####....     19%         4    ####...


Dungeon Overview and Level Annotations

Branches:
Dungeon (8/15)             Temple (0/1) D:4            Lair (0/6) D:8

Altars:
Ashenzari
Cheibriados
Fedhas
Hepliaklqana
Kikubaaqudgha
Okawaru
Ru
Sif Muna
Wu Jian

Shops:
D:7 ?

Annotations:
D:3 1 runed door, glosham's ghost, weakling OgVM


Message History

Aiming: Freeze (safe; 1% risk of failure)
Press: ? - help, Shift-Dir - straight line, f/p - killer bee
Aim: a killer bee (moderately wounded)
You feel a surge of power!
You freeze the killer bee.
The killer bee is severely wounded.
You feel sick.
The killer bee stings you but does no damage.
A worker ant comes into view.
The killer bee stings you.
* * * LOW HITPOINT WARNING * * *
Casting: Freeze (safe; 1% risk of failure)
Confirm with . or Enter, or press ? or * to list all spells.
Aiming: Freeze (safe; 1% risk of failure)
Press: ? - help, Shift-Dir - straight line, f/p - killer bee
Aim: a killer bee (severely wounded)
You feel a surge of power!
You freeze the killer bee.
The killer bee is almost dead.
The worker ant twitches its antennae in your direction.
The killer bee stings you!
You die...

........#...# #.
...###..##.## #.
#).##.# #. #..##.#
###. # #..##.#
##...#####.####..##.#
...................#
#o.?.#######.#####
#@..#######.#
#y#..........#
#y###..######## #y#
#..# #y# #..# #a#
#..# #.# ...# ##
#...# ....#


You could see a worker ant, 4 killer bees and an orc.

Vanquished Creatures
  A queen bee (D:8)
  2 hippogriffs
  2 phantoms
  2 centaurs
  2 ogres (D:4)
  A big kobold (D:8)
  3 bullfrogs
  3 scorpions
  13 killer bees
  3 howler monkeys
  2 crimson imps
  2 jellies
  A quasit (D:4)
  A hound (D:6)
  6 orc priests
  A gnoll shaman (D:7)
  7 orc wizards
  A bullfrog skeleton (D:5)
  An iguana (D:6)
  Natasha (twice) (D:3)
  4 worker ants
  A hound zombie (D:7)
  Robin (D:3)
  9 gnolls (D:7)
  5 adders
  2 shadow imps (D:5)
  An ooze (D:5)
  An adder skeleton (D:6)
  4 worms
  2 dart slugs
  5 leopard geckos
  18 orcs
  6 bats
  5 giant cockroaches
  16 goblins
  7 hobgoblins
  6 jackals
  3 quokkas
  A ball python (D:3)
  5 frilled lizards
  11 kobolds
  7 rats
176 creatures vanquished.

Vanquished Creatures (others)
  A plant (D:8)
1 creature vanquished.

Grand Total: 177 creatures vanquished

Notes
Turn   | Place    | Note
-------+----------+-------------------------------------------
     0 | D:1      | kae the Merfolk Ice Elementalist began the quest for the Orb.
     0 | D:1      | Reached XP level 1. HP: 13/13 MP: 3/3
   203 | D:1      | Reached XP level 2. HP: 14/19 MP: 3/5
   207 | D:1      | Learned a level 2 spell: Throw Frost
   484 | D:1      | Reached skill level 4 in Ice Magic
  1171 | D:2      | Reached XP level 3. HP: 24/24 MP: 2/6
  1640 | D:2      | Reached XP level 4. HP: 30/30 MP: 4/8
  1958 | D:3      | Noticed Robin
  2006 | D:3      | Reached skill level 5 in Ice Magic
  2085 | D:3      | Reached XP level 5. HP: 29/35 MP: 7/9
  2348 | D:3      | Found a faded altar of an unknown god.
  2429 | D:3      | Found a runed door.
  2441 | D:3      | Noticed glosham's ghost (weakling OgVM)
  2726 | D:3      | Killed Robin
  2762 | D:3      | Reached skill level 6 in Ice Magic
  2895 | D:3      | Found a blossoming altar of Fedhas.
  2896 | D:3      | Found an iron altar of Okawaru.
  2896 | D:3      | Found an ornate altar of the Wu Jian Council.
  2897 | D:3      | Found a deep blue altar of Sif Muna.
  2909 | D:3      | Became a worshipper of Warmaster Okawaru
  2969 | D:3      | Noticed Natasha
  2974 | D:3      | Killed Natasha
  2974 | D:3      | Reached XP level 6. HP: 41/41 MP: 6/11
  3065 | D:3      | Noticed Natasha
  3069 | D:3      | Killed Natasha
  3201 | D:4      | Reached skill level 1 in Invocations
  3424 | D:4      | Found a staircase to the Ecumenical Temple.
  3458 | D:4      | Reached * piety under Okawaru
  3458 | D:4      | Reached XP level 7. HP: 41/46 MP: 2/12
  3588 | D:4      | Reached skill level 7 in Ice Magic
  4589 | D:5      | Entered Level 5 of the Dungeon
  4771 | D:5      | Reached ** piety under Okawaru
  4919 | D:5      | Reached skill level 1 in Polearms
  4919 | D:5      | Reached skill level 8 in Ice Magic
  4919 | D:5      | Reached XP level 8. HP: 40/52 MP: 9/14
  5034 | D:5      | Found a shattered altar of Ashenzari.
  5042 | D:5      | Reached skill level 1 in Shields
  5564 | D:5      | Found a deep blue altar of Sif Muna.
  6146 | D:6      | Reached skill level 5 in Spellcasting
  6392 | D:6      | Found a sacrificial altar of Ru.
  6483 | D:6      | Noticed a hippogriff
  6493 | D:6      | Killed a hippogriff
  6493 | D:6      | Reached skill level 9 in Ice Magic
  6493 | D:6      | Reached XP level 9. HP: 50/57 MP: 4/16
  6734 | D:6      | Found a faded altar of an unknown god.
  6734 | D:6      | Found a hazy altar of Hepliaklqana.
  6739 | D:6      | Found an ancient bone altar of Kikubaaqudgha.
  6741 | D:6      | Found a faded altar of an unknown god.
  6742 | D:6      | Found a snail-covered altar of Cheibriados.
  8077 | D:7      | Found Roeb's Magic Scroll Shoppe.
  8085 | D:7      | Bought a scroll of identify for 24 gold pieces
  8085 | D:7      | Bought a scroll of identify for 24 gold pieces
  8085 | D:7      | Bought a scroll of identify for 24 gold pieces
  8085 | D:7      | Bought a scroll of identify for 24 gold pieces
  8533 | D:8      | Found a staircase to the Lair.
  8533 | D:8      | Noticed a two-headed ogre
  8603 | D:7      | Learned a level 3 spell: Ozocubu's Armour
  8608 | D:7      | Learned a level 4 spell: Throw Icicle
  8659 | D:8      | Reached skill level 5 in Invocations
  8704 | D:7      | Reached skill level 5 in Polearms
  9105 | D:8      | Noticed a queen bee
  9108 | D:8      | Reached *** piety under Okawaru
  9125 | D:8      | Killed a queen bee
  9125 | D:8      | Reached skill level 10 in Ice Magic
  9173 | D:8      | Slain by a killer bee

Vault maps used:
D:1:      dpeg_arrival_houses_and_road, minmay_hedge_maze, serial_bayou_pond_a,
          minmay_misc_feat_tower, minmay_misc_feat_diagonals, minmay_tromino_i4
D:2:      first_ration
D:3:      minitemple, ebering_ghost_sewer_d, chequers_ecumenical_altar_simple,
          uniq_robin, uniq_natasha
D:4:      minmay_temple_entry_enclosed_plants
D:5:      nicolae_ashenzari_panopticon, grunt_decor_mini_mirrors, led_sif_pool
D:6:      chequers_temple_overflow_minitemple, overflow_temple_1_default,
          lemuel_flame_loot_1
D:7:      serial_shops, nicolae_shop_crystal
D:8:      dpeg_oklobed_lair, basic_altar, david_nohive_1, grunt_ministairs_6

Skill      XL: |  1  2  3  4  5  6  7  8  9 |
---------------+----------------------------+-----
Ice Magic      | 4 5 6 8 9 10 | 10.3
Spellcasting   | 3 4 5 6 |  6.0
Invocations    | 2 3 4 5 |  5.7
Polearms       | 1 3 6 |  6.0
Shields        | 2 4 |  4.0
Dodging        | |  2.6
Stealth        | |  2.1
Conjurations   | |  0.7

Action                   |  1- 3 |  4- 6 |  7- 9 || total
-------------------------+-------+-------+-------++-------
Melee: Unarmed           |    11 |    26 |     9 ||    46
       Spear             |       |       |   180 ||   180
 Cast: Freeze            |    49 |    84 |   184 ||   317
       Throw Frost       |     2 |     7 |    60 ||    69
       Ozocubu's Armour  |       |       |     2 ||     2
Invok: Heroism           |       |       |     3 ||     3
  Use: Scroll            |       |       |    21 ||    21
       Potion            |       |       |     3 ||     3
 Stab: Sleeping          |       |       |     6 ||     6
       Distracted        |       |       |     1 ||     1
  Eat: Chunk             |     2 |     7 |    15 ||    24
       Ration            |       |       |     1 ||     1
Armor: Robe              |    21 |    20 |    52 ||    93
       Skin              |       |       |    94 ||    94
Dodge: Dodged            |    48 |    55 |   155 ||   258
Block: Buckler           |       |       |    65 ||    65

Table legend:
 A = Spawn XP
 B = Non-spawn XP
 C = Spawn XP percentage of total XP
 D = Spawn monster count
 E = Non-spawn monster count
 F = Spawn count percentage of total count
 G = Total turns spent on level
                    A         B        C        D         E        F      G
               +---------+---------+-------+---------+---------+-------+---------
         Total |       0 |    4568 |   0.0 |       0 |     176 |   0.0 |  9173
               +---------+---------+-------+---------+---------+-------+---------
           D:1 |       0 |      33 |   0.0 |       0 |      20 |   0.0 |  1167
           D:2 |       0 |      61 |   0.0 |       0 |      16 |   0.0 |   707
           D:3 |       0 |     262 |   0.0 |       0 |      32 |   0.0 |  1433
           D:4 |       0 |     704 |   0.0 |       0 |      22 |   0.0 |  1398
           D:5 |       0 |     528 |   0.0 |       0 |      15 |   0.0 |   973
           D:6 |       0 |     817 |   0.0 |       0 |      19 |   0.0 |  1400
           D:7 |       0 |     654 |   0.0 |       0 |      27 |   0.0 |  1752
           D:8 |       0 |    1509 |   0.0 |       0 |      25 |   0.0 |   343
               +---------+---------+-------+---------+---------+-------+---------
